 Dungeon Crawl Stone Soup version 0.27-a0-13-g87abb2d9eb (webtiles) character file.

Game seed: 3041475168546757401

5517 funkygono the Thaumaturge (level 10, -2/71 HPs)
             Began as a Purple Draconian Air Elementalist on Jan 2, 2021.
             Was a Believer of Vehumet.
             Slain by a komodo dragon (12 damage)
             ... while petrified by a basilisk
             ... on level 8 of the Dungeon.
             The game lasted 00:27:00 (12133 turns).

funkygono the Thaumaturge (DrAE)                   Turns: 12133, Time: 00:27:01

Health: -2/71      AC: 13    Str: 10    XL:     10   Next: 43%
Magic:  15/25      EV:  2    Int: 20    God:    Vehumet [**....]
Gold:   613        SH:  0    Dex: 11    Spells: 10/31 levels left

rFire    . . .     SeeInvis .   v - +3 flail (protect)
rCold    . . .     Faith    .   (no shield)
rNeg     + + +     Spirit   .   (armour unavailable)
rPois    ∞         Reflect  .   (helmet restricted)
rElec    .         Harm     .   (no cloak)
rCorr    .         Rampage  .   n - +1 pair of gloves
Will     +....                  (no boots)
Stlth    ++........             h - amulet of the acrobat
HPRegen  0.21/turn              p - ring of wizardry
MPRegen  0.19/turn              a - +4 ring of protection

@: petrified
A: breathe power, unfitting armour, cold-blooded, AC +7
a: Breathe Dispelling Energy, Renounce Religion


You were on level 8 of the Dungeon.
You worshipped Vehumet.
Vehumet was pleased with you.
You visited 2 branches of the dungeon, and saw 9 of its levels.

You collected 613 gold pieces.

Inventory:

Hand Weapons
 v - a +3 flail of protection (weapon)
 x - a +0 whip
 F - a +0 vorpal quarterstaff
Armour
 n - a +1 pair of gloves (worn)
Magical Staves
 i - an uncursed staff of fire
Jewellery
 a - a +4 ring of protection (right hand)
 h - an amulet of the acrobat (around neck)
 p - a ring of wizardry (left hand)
 r - an uncursed ring of wizardry
Wands
 o - a wand of digging (3)
 C - a wand of acid (7)
Scrolls
 j - 5 scrolls of teleportation
 l - 3 scrolls of identify
 s - 3 scrolls of amnesia
 t - a scroll of magic mapping
 y - 2 scrolls of remove curse
 E - a scroll of blinking
Potions
 b - a potion of cancellation
 c - 3 potions of invisibility
 e - 4 potions of mutation
 f - 3 potions of ambrosia
 g - 2 potions of heal wounds
 k - 2 potions of curing
 q - a potion of might
 z - a potion of flight
 A - a potion of brilliance


   Skills:
 + Level 1.2 Fighting
 + Level 2.1 Maces & Flails
 + Level 3.5 Dodging
 + Level 3.9 Stealth
 + Level 11.1 Spellcasting
 + Level 6.2 Conjurations
 + Level 9.1 Air Magic


You had 10 spell levels left.
You knew the following spells:

 Your Spells              Type           Power        Failure   Level
a - Shock                 Conj/Air       100%         1%          1
b - Swiftness             Air            47%          1%          2
c - Static Discharge      Conj/Air       41%          1%          3
d - Airstrike             Air            23%          1%          4
e - Lightning Bolt        Conj/Air       20%          3%          5
f - Magic Dart            Conj           100%         1%          1
g - Silence               Hex/Air        14%          11%         5

Your spell library contained the following spells:

 Spells                   Type           Power        Failure   Level
 Foxfire                  Conj/Fire      92%          1%          1
 Mephitic Cloud           Conj/Pois/Air  31%          1%          3
 Summon Small Mammal      Summ           44%          2%          1
 Conjure Flame            Conj/Fire      23%          2%          3
 Blink                    Tloc           N/A          4%          2
 Call Imp                 Summ           11%          4%          2
 Slow                     Hex            11%          4%          2
 Shadow Creatures         Summ           N/A          97%         6
 Spellforged Servitor     Conj/Summ      11%          99%         7


Dungeon Overview and Level Annotations

Branches:
Dungeon (8/15)             Temple (1/1) D:5
   Lair: D:8-11

Altars:
Ashenzari
Cheibriados
Dithmenos
Elyvilon
Fedhas
Gozag
Hepliaklqana
Kikubaaqudgha
Makhleb
Nemelex Xobeh
Okawaru
Qazlal
Ru
Sif Muna
Trog
Uskayaw
Vehumet
Xom
Yredelemnul
Zin
The Shining One

Shops:
D:4 !   D:6 :

Annotations:
D:3 2 transporters, funkygono's ghost, amateur MiFi


Innate Abilities, Weirdness & Mutations

You can breathe bolts of dispelling energy.
Your rich purple scales are hard. (AC +7)
You cannot fit into any form of body armour.
You are cold-blooded and may be slowed by cold attacks.


Message History

You hear a mighty clap of thunder!
The bolt of lightning hits the komodo dragon!
The komodo dragon is moderately wounded.
The bolt of lightning hits the steam dragon!!
You kill the steam dragon!
Vehumet accepts your kill.
You feel your power returning.
You hear a shout!
You hear an angry hiss.
The komodo dragon bites you!!
You have turned to stone.
Your Spellcasting skill increases to level 11!
The komodo dragon bites you! The komodo dragon bites you!
The komodo dragon bites you. The komodo dragon bites you!!
* * * LOW HITPOINT WARNING * * *
The komodo dragon bites you!
* * * LOW HITPOINT WARNING * * *
The komodo dragon bites you but does no damage.
The komodo dragon bites you!!
You die...

### ### ####.# #.###...#### #.
.....###...### ######... ######
####..#### ###.......†
##....###....).).# ##...@l....)#
############ ## ######## #####
.######(.....# ##.#.#
...##..>.(#### #..#.#
.#....#..########## #.##.#
.##.....(.........####.##.#####
.##.###.#.#######.............###
.##.# #.#.[# ######...........


You could see a komodo dragon.

Vanquished Creatures
  A two-headed ogre (D:8)
  A deep troll (D:8)
  A harpy (shapeshifter) (D:8)
  2 ugly things (D:8)
  A komodo dragon (D:8)
  A basilisk (D:8)
  A steam dragon (D:8)
  A water moccasin (D:7)
  An orc warrior (D:7)
  2 sky beasts (D:8)
  A necrophage (D:7)
  2 ogres
  2 centaurs
  A big kobold (D:8)
  4 bullfrogs
  A wyvern skeleton (D:7)
  5 scorpions
  4 howler monkeys
  A bullfrog zombie (D:5)
  A centaur zombie (D:7)
  A centaur skeleton (D:5)
  2 quasits (D:8)
  3 hounds
  2 jellies
  An orc priest (D:7)
  A bullfrog skeleton (D:4)
  3 iguanas
  5 orc wizards
  6 worker ants
  A statue (D:6)
  A hound zombie (D:7)
  A hound skeleton (D:4)
  A howler monkey zombie (D:6)
  A worker ant zombie (D:8)
  7 gnolls
  9 adders
  4 shadow imps
  2 white imps (D:7)
  2 ufetubi
  2 oozes
  An adder skeleton (D:8)
  2 adder zombies
  3 worms
  A dart slug (D:3)
  9 leopard geckos
  15 orcs
  9 bats
  4 giant cockroaches
  7 goblins
  10 hobgoblins
  13 jackals
  4 quokkas
  3 ball pythons
  4 frilled lizards
  4 kobolds
  A leopard gecko zombie (D:7)
  A quokka zombie (D:7)
  4 rats
184 creatures vanquished.

Vanquished Creatures (others)
  10 plants (D:3)
10 creatures vanquished.

Grand Total: 194 creatures vanquished

Notes
Turn   | Place    | Note
-------+----------+-------------------------------------------
     0 | D:1      | funkygono the Draconian Air Elementalist began the quest
                  | for the Orb.
     0 | D:1      | Reached XP level 1. HP: 14/14 MP: 3/3
   167 | D:1      | Reached XP level 2. HP: 20/20 MP: 0/5
   414 | D:1      | Learned a level 2 spell: Swiftness
  1153 | D:2      | Reached XP level 3. HP: 26/26 MP: 1/6
  1307 | D:2      | Learned a level 3 spell: Static Discharge
  2174 | D:3      | Identified the cursed +0 kite shield "Wosocw" {Str+3}
  2174 | D:3      | Noticed a gnoll sergeant
  2309 | D:3      | Reached XP level 4. HP: 33/33 MP: 4/8
  2322 | D:3      | Reached skill level 3 in Spellcasting
  2980 | D:3      | Found a transporter.
  2984 | D:3      | Found a transporter.
  3004 | D:3      | Noticed funkygono's ghost (amateur MiFi)
  3184 | D:3      | Found a snail-covered altar of Cheibriados.
  3294 | D:4      | Found a bloodstained altar of Trog.
  3341 | D:4      | Reached XP level 5. HP: 30/38 MP: 0/10
  3879 | D:4      | Found Qeemaf's Distillery.
  4049 | D:4      | Found a glowing silver altar of Zin.
  4137 | D:5      | Entered Level 5 of the Dungeon
  4149 | D:5      | Reached XP level 6. HP: 38/45 MP: 4/11
  4278 | D:5      | Learned a level 4 spell: Airstrike
  4289 | D:5      | Reached skill level 4 in Spellcasting
  4449 | D:5      | Found a sacrificial altar of Ru.
  4540 | D:5      | Found a staircase to the Ecumenical Temple.
  4549 | Temple   | Entered the Ecumenical Temple
  4963 | D:5      | Found a hazy altar of Hepliaklqana.
  5424 | D:6      | Reached skill level 1 in Maces & Flails
  5424 | D:6      | Your scales start taking on a rich purple colour.
  5424 | D:6      | Reached skill level 5 in Spellcasting
  5424 | D:6      | Reached XP level 7. HP: 50/50 MP: 1/15
  5573 | D:6      | Found a sparkling altar of Nemelex Xobeh.
  6046 | D:6      | Found a radiant altar of Vehumet.
  6071 | D:6      | Became a worshipper of Vehumet
  6284 | D:6      | Reached skill level 6 in Spellcasting
  6284 | D:6      | Reached skill level 5 in Air Magic
  6893 | D:6      | Found Jihext's Book Emporium.
  7401 | D:7      | Reached XP level 8. HP: 58/58 MP: 9/17
  7766 | D:7      | You fall into a shaft and drop 1 floor!
  7766 | D:8      | Noticed a komodo dragon
  7774 | D:8      | Killed a komodo dragon
  8153 | D:8      | Reached skill level 7 in Spellcasting
  8430 | D:7      | Reached skill level 5 in Conjurations
  8441 | D:7      | Reached * piety under Vehumet
  8441 | D:7      | Offered knowledge of Sandblast by Vehumet.
  8608 | D:7      | Identified the Disquisition on Feathery Creation
  8625 | D:7      | Found a stormy altar of Qazlal.
  8876 | D:7      | Reached XP level 9. HP: 63/63 MP: 15/20
  8884 | D:7      | Reached skill level 8 in Spellcasting
  9326 | D:7      | Learned a level 5 spell: Lightning Bolt
  9328 | D:7      | Learned a level 1 spell: Magic Dart
  9334 | D:7      | Learned a level 5 spell: Silence
 10539 | D:8      | Offered knowledge of Foxfire by Vehumet.
 10540 | D:8      | Reached skill level 1 in Fighting
 10600 | D:8      | Reached ** piety under Vehumet
 10953 | D:8      | Found a shimmering altar of Xom.
 10965 | D:8      | Noticed a harpy
 10967 | D:8      | Killed a harpy
 10968 | D:8      | Reached skill level 9 in Spellcasting
 11086 | D:8      | Noticed a purple ugly thing
 11091 | D:8      | Killed a purple ugly thing
 11200 | D:8      | Noticed a deep troll
 11207 | D:8      | Killed a deep troll
 11208 | D:8      | Reached skill level 10 in Spellcasting
 11208 | D:8      | Reached XP level 10. HP: 26/71 MP: 3/24
 11423 | D:8      | Noticed a white ugly thing
 11468 | D:8      | Killed a white ugly thing
 11743 | D:8      | Noticed a two-headed ogre
 11750 | D:8      | Killed a two-headed ogre
 12127 | D:8      | Reached skill level 11 in Spellcasting
 12133 | D:8      | Slain by a komodo dragon

Illustrated notes

Levels and vault maps discovered:
D:1:      mrwooster_arrival_statue_3, layout_basic, minmay_misc_feat_iff
D:2:      layout_loops_ring
D:3:      layout_basic, lemuel_coloured_pillars_altar, serial_glass,
          glass_columns_c, glass_columns_c, glass_columns_b, glass_columns_c,
          gammafunk_ghost_gnarly_gnolls, glass_columns_a, serial_bayou_crossing
D:4:      layout_loops_cross, kennysheep_little_box, bloody_trog, serial_shops,
          shop
D:5:      layout_basic, lemuel_round_altar, lemuel_doored_altar,
          minmay_temple_entry_tees
D:6:      layout_basic, lemuel_round_altar, vehumet_statue, serial_shops,
          shop_coins
D:7:      minmay_opposing_rooms, layout_layer_cave,
          nicolae_overflow_crystal_walls
D:8:      layout_rooms, nicolae_overflow_hidden_temple, erik_lair_dragon,
          minmay_evil_grid
Temple:   minmay_temple_forest_path

Skill      XL: |  1  2  3  4  5  6  7  8  9 10 |
---------------+-------------------------------+-----
Dodging        | 2 3 |  3.5
Stealth        | 2 3 |  3.9
Spellcasting   | 3 5 6 7 10 11 | 11.1
Conjurations   | 2 3 4 5 6 |  6.2
Air Magic      | 4 5 6 8 9 |  9.1
Maces & Flails | 1 2 |  2.1
Fighting       | 1 |  1.2

Action                   |  1- 3 |  4- 6 |  7- 9 | 10-12 || total
-------------------------+-------+-------+-------+-------++-------
Melee: Unarmed           |     4 |       |       |       ||     4
       Tailslap          |     7 |     3 |     6 |       ||    16
       Club              |    31 |    19 |       |       ||    50
       Mace              |       |     2 |    44 |       ||    46
       Flail             |       |       |       |     1 ||     1
 Cast: Shock             |    83 |   128 |   228 |    19 ||   458
       Static Discharge  |     1 |       |    35 |     9 ||    45
       Swiftness         |       |       |     4 |       ||     4
       Airstrike         |       |       |    27 |    10 ||    37
       Lightning Bolt    |       |       |     2 |     1 ||     3
  Use: Scroll            |     8 |     7 |     9 |       ||    24
       Potion            |       |       |     1 |       ||     1
Armor: Skin              |    14 |    17 |    59 |     7 ||    97
Dodge: Dodged            |    40 |    37 |   122 |     6 ||   205

Table legend: (Time is in decaauts)
 A = Elapsed time spent in this place.
 B = Non-inter-level travel time spent in this place.
 C = Inter-level travel time spent in this place.
 D = Time resting spent in this place.
 E = Time spent auto-exploring this place.
 F = Levels seen in this place.
 G = Mean time per level.
                   A        B        C        D        E       F      G
               +--------+--------+--------+--------+--------+-----+--------+
         Total |  12173 |  11746 |    427 |    642 |   9615 |   9 | 1352.6 |
       Dungeon |  11779 |  11390 |    389 |    642 |   9260 |   8 | 1472.4 |
        Temple |    393 |    355 |     38 |      0 |    355 |   1 |  393.0 |
               +--------+--------+--------+--------+--------+-----+--------+

Top non-repeatable levels by time:
     D:7: 2717 daAuts
     D:8: 2166 daAuts
     D:6: 1684 daAuts
     D:1: 1193 daAuts
     D:3: 1124 daAuts
     D:2: 1022 daAuts
     D:5: 939 daAuts
     D:4: 931 daAuts
  Temple: 393 daAuts
